Map: Jagannatha LE

Players

Nina

  • Race: Protoss Protoss
  • League: Grandmaster
  • Spawn Location: 7:00

Vindicta - Winner!

  • Race: Terran Terran
  • League: Master
  • Spawn Location: 1:00

Event: DreamHack SC2 Masters 2020 Winter

VOD

Have the link to the VOD?

Description

Time

  • Played on: Oct. 29, 2020, 4:24 p.m.
  • Length: 14:45

All games in this series

Show
View Real Time Build Order
Export as new Build Order

Nina Protoss 

Build Orders: 1 Gate Expand, Phoenix Opening, Colossus Rush 

Get SALT Encoding   

  12  0:00  Probe  
  13  0:12  Probe  
  14  0:17  Pylon  
  14  0:24  Probe (Chrono Boost)  
  15  0:36  Probe (Chrono Boost), Gateway  
  16  0:44  Probe (Chrono Boost)  
  16  0:46  Assimilator  
  17  0:51  Probe  
  18  1:03  Probe  
  19  1:15  Probe  
  20  1:27  Nexus  
  20  1:34  Cybernetics Core  
  20  1:38  Probe  
  21  1:49  Pylon  
  21  1:50  Probe  
  21  1:56  Assimilator  
  21  2:02  Probe  
  22  2:08  Adept (Chrono Boost)  
  22  2:15  Probe  
  25  2:22  Stargate  
  25  2:27  Probe  
  26  2:32  Adept  
  28  2:39  Probe  
  28  2:41  Probe, Warp Gate  
  30  2:51  Probe  
  31  2:53  Probe  
  32  3:02  Adept  
  32  3:03  Probe  
  32  3:05  Probe, Phoenix (Chrono Boost)  
  38  3:15  Probe  
  38  3:17  Probe  
  40  3:22  Pylon  
  40  3:24  Phoenix (Chrono Boost)  
  42  3:27  Probe x2  
  44  3:35  Probe  
  44  3:38  Assimilator  
  44  3:39  Probe  
  44  3:40  Assimilator  
  46  3:44  Probe  
  46  3:46  Phoenix (Chrono Boost)  
  49  3:52  Pylon  
  49  3:53  Probe  
  50  3:56  Robotics Facility  
  50  3:58  Probe  
  51  4:05  Probe  
  52  4:10  Probe  
  52  4:11  Phoenix (Chrono Boost)  
  55  4:19  Probe  
  55  4:24  Nexus  
  56  4:25  Probe  
  56  4:31  Probe, Phoenix (Chrono Boost)  
  58  4:35  Pylon  
  60  4:39  Probe  
  61  4:52  Probe  
  62  4:53  Probe  
  62  4:54  Observer  
  62  4:57  Robotics Bay  
  64  5:01  Gateway  
  64  5:03  Gateway  
  64  5:04  Probe  
  64  5:05  Probe  
  66  5:14  Forge  
  66  5:16  Probe  
  66  5:18  Probe  
  68  5:28  Probe  
  68  5:30  Probe  
  68  5:31  Pylon  
  68  5:33  Gateway  
  68  5:34  Gateway  
  70  5:40  Probe x2  
  72  5:43  Probe  
  72  5:45  Colossus (Chrono Boost)  
  72  5:46  Sentry  
  81  5:51  Pylon  
  81  5:52  Probe  
  81  5:53  Probe, Protoss Ground Weapons Level 1  
  81  5:55  Probe  
  84  5:57  Twilight Council  
  84  6:00  Extended Thermal Lance  
  84  6:03  Pylon  
  84  6:05  Probe x2  
  84  6:08  Probe  
  87  6:16  Sentry  
  87  6:17  Probe x2  
  87  6:18  Assimilator  
  91  6:19  Sentry  
  91  6:20  Shield Battery  
  91  6:21  Probe  
  94  6:28  Gateway  
  94  6:29  Probe  
  94  6:32  Colossus (Chrono Boost)  
  95  6:34  Gateway  
  95  6:35  Probe  
  95  6:36  Probe  
  103  6:40  Assimilator  
  103  6:41  Probe  
  103  6:42  Pylon  
  103  6:46  Zealot x2  
  108  6:59  Charge  
  108  7:02  Gateway  
  108  7:04  Nexus  
  108  7:06  Zealot x4  
  116  7:20  Pylon  
  116  7:21  Pylon  
  116  7:22  Pylon  
  117  7:23  Pylon, Observer (Chrono Boost)  
  117  7:30  Photon Cannon  
  117  7:36  Templar Archives  
  117  7:40  Zealot x2, Colossus (Chrono Boost)  
  127  7:49  Shield Battery  
  127  7:52  Stalker  
  127  7:53  Stalker x3  
  135  7:58  Zealot x2  
  135  8:04  Gateway  
  139  8:07  Zealot x2  
  139  8:08  Probe, Protoss Ground Armor Level 1 (Chrono Boost), Gateway  
  144  8:15  Probe x2, Forge  
  144  8:16  Probe  
  146  8:21  Probe  
  146  8:23  Photon Cannon  
  146  8:25  Photon Cannon, High Templar x2  
  151  8:27  Probe x2  
  151  8:29  Probe, Archon  
  151  8:30  High Templar x2  
  151  8:32  Disruptor  
  159  8:36  Probe  
  159  8:37  Archon  
  159  8:39  Probe x2, Assimilator  
  162  8:41  Pylon  
  162  8:42  Pylon  
  162  8:44  Pylon  
  162  8:48  Robotics Facility  
  162  8:49  Pylon  
  162  8:53  Pylon  
  162  8:57  High Templar  
  162  9:00  Assimilator  
  164  9:03  Pylon, Zealot, High Templar  
  164  9:04  Zealot x3  
  164  9:07  Archon  
  164  9:08  Zealot x2  
  164  9:20  Probe, Protoss Ground Weapons Level 2 (Chrono Boost)  
  164  9:23  Zealot  
  164  9:24  Zealot x5  
  143  9:30  Zealot x3  
  141  9:36  Blink  
  141  9:37  Probe  
  138  9:41  Stalker  
  138  9:42  Probe  
  139  9:46  Zealot x6  
  139  9:49  Disruptor x2  
  139  9:51  Stalker  
  159  9:55  Zealot x2  
  163  10:05  Stalker  
  163  10:06  Stalker  
  171  10:14  Photon Cannon  
  171  10:18  Photon Cannon  
  171  10:23  Photon Cannon  
  171  10:24  Photon Cannon  
  171  10:25  Disruptor (Chrono Boost)  
  177  10:29  Sentry x2  
  177  10:33  Disruptor (Chrono Boost)  
  177  10:36  Nexus  
  177  10:38  Dark Shrine  
  177  10:39  Pylon  
  177  10:41  Pylon  
  177  10:42  Zealot  
  177  10:49  Probe x2  
  181  10:57  High Templar x3  
  181  10:58  High Templar  
  181  10:59  Shield Battery, Photon Cannon  
  181  11:01  Archon, Photon Cannon  
  181  11:02  Psionic Storm  
  181  11:03  Archon  
  189  11:06  Photon Cannon  
  189  11:09  Disruptor  
  192  11:16  Photon Cannon  
  192  11:21  Photon Cannon  
  192  11:22  Probe x2  
  192  11:24  Pylon  
  194  11:25  Disruptor  
  196  11:33  Phoenix  
  196  11:34  Stalker  
  199  11:49  Photon Cannon  
  199  11:50  Photon Cannon  
  199  11:51  Photon Cannon  
  199  11:53  Dark Templar x2  
  199  11:59  Photon Cannon  
  199  12:00  Photon Cannon  
  175  12:08  Zealot x4  
  175  12:09  Zealot x4  
  159  12:29  Pylon  
  152  12:33  Pylon  
  146  12:37  Pylon  
  146  12:38  Photon Cannon  
  146  12:41  Photon Cannon  
  146  12:43  Photon Cannon  
  130  12:45  Photon Cannon  
  130  12:49  Photon Cannon  
  125  13:02  Dark Shrine  
  125  13:05  Gateway  
  125  13:07  Gateway  
  125  13:12  Pylon x2  
  125  13:29  Nexus  
  79  14:08  Pylon  
Show
View Real Time Build Order
Export as new Build Order

Vindicta Terran - Winner!

Build Orders: Reaper Expand 

Get SALT Encoding   

  12  0:00  SCV  
  13  0:12  SCV  
  14  0:17  Supply Depot  
  14  0:24  SCV  
  15  0:39  SCV  
  15  0:40  Barracks  
  16  0:45  Refinery  
  16  0:51  SCV  
  17  1:03  SCV  
  18  1:15  SCV  
  19  1:27  Reaper  
  19  1:28  Orbital Command  
  20  1:47  Command Center  
  20  1:53  SCV  
  21  1:58  Supply Depot  
  21  2:02  Marine  
  21  2:05  SCV  
  23  2:15  Factory  
  23  2:20  Bunker  
  23  2:23  Barracks Reactor  
  23  2:26  SCV  
  24  2:38  SCV  
  25  2:50  SCV  
  26  2:54  Command Center  
  28  3:06  Orbital Command  
  28  3:08  Factory Tech Lab  
  28  3:09  Marine x2  
  28  3:15  SCV  
  28  3:24  Barracks  
  28  3:27  SCV, Marine x2  
  28  3:33  Cyclone  
  34  3:36  SCV  
  34  3:39  SCV  
  36  3:45  Marine  
  36  3:48  SCV  
  38  3:51  SCV  
  38  3:53  Barracks  
  39  4:00  SCV  
  39  4:01  Refinery  
  40  4:03  SCV  
  40  4:07  Orbital Command  
  40  4:08  Marine  
  40  4:09  Marine  
  42  4:12  SCV  
  42  4:15  SCV, Cyclone, Barracks Tech Lab  
  47  4:24  SCV  
  47  4:26  Marine x2  
  47  4:28  Refinery  
  47  4:29  SCV  
  51  4:32  Supply Depot  
  51  4:33  SCV  
  51  4:34  Stimpack  
  51  4:35  Marine  
  51  4:36  SCV  
  54  4:41  SCV  
  54  4:42  Barracks Tech Lab  
  54  4:45  SCV  
  56  4:48  SCV  
  57  4:53  SCV  
  57  4:56  Starport  
  57  4:57  SCV  
  57  4:59  Marine x2  
  61  5:00  Factory Tech Lab  
  61  5:01  SCV  
  61  5:04  Combat Shield, Refinery  
  62  5:07  SCV  
  62  5:09  SCV, Supply Depot  
  62  5:11  Supply Depot  
  62  5:12  Marauder  
  62  5:13  SCV  
  67  5:16  Marauder  
  67  5:25  Marine  
  67  5:28  SCV  
  67  5:33  Engineering Bay  
  67  5:34  SCV x2  
  67  5:35  Engineering Bay, Marine  
  69  5:36  Starport Reactor  
  69  5:37  Marine x2  
  69  5:40  SCV  
  73  5:43  Marine  
  73  5:46  SCV, Siege Tank  
  78  5:51  Supply Depot  
  78  5:53  Marine  
  78  5:54  Marine  
  78  5:56  Marauder  
  83  5:59  Terran Infantry Weapons Level 1  
  83  6:00  Terran Infantry Armor Level 1  
  82  6:06  Missile Turret x2  
  82  6:10  SCV x2  
  84  6:13  Medivac, Marauder  
  84  6:17  Medivac, Marauder  
  92  6:21  Supply Depot  
  92  6:22  Supply Depot  
  92  6:26  Concussive Shells  
  92  6:28  Missile Turret  
  92  6:29  Orbital Command  
  92  6:33  SCV  
  92  6:37  Barracks  
  92  6:38  Barracks  
  93  6:43  Marauder, Siege Tank  
  93  6:44  SCV  
  93  6:45  SCV, Ghost Academy  
  100  6:49  Supply Depot  
  100  6:52  Marauder  
  102  6:57  Missile Turret  
  102  6:59  SCV  
  103  7:02  Refinery, Marine x2  
  103  7:04  SCV  
  103  7:07  Marauder  
  109  7:11  SCV  
  109  7:12  SCV  
  109  7:13  Supply Depot  
  109  7:18  Siege Tank  
  109  7:19  Supply Depot  
  109  7:21  Enhanced Shockwaves  
  112  7:23  SCV  
  112  7:25  SCV  
  112  7:26  Barracks Reactor  
  112  7:27  Barracks Tech Lab  
  112  7:29  Medivac  
  116  7:31  SCV  
  116  7:32  Refinery  
  116  7:33  Supply Depot  
  116  7:35  SCV  
  118  7:37  SCV  
  118  7:38  Ghost  
  118  7:41  Marine  
  118  7:42  Supply Depot  
  118  7:43  SCV  
  123  7:45  Viking  
  126  7:51  Ghost  
  126  7:55  Marine  
  126  7:56  SCV, Supply Depot  
  131  7:59  Marine  
  131  8:00  Supply Depot, Siege Tank  
  131  8:04  Viking  
  131  8:05  SCV  
  136  8:07  SCV  
  136  8:08  SCV  
  136  8:10  Marine x2  
  136  8:11  Supply Depot, Marauder, Marine  
  142  8:14  Marine  
  145  8:20  Ghost  
  145  8:21  Marine  
  145  8:23  Supply Depot  
  145  8:24  Supply Depot  
  146  8:28  Viking, Marine x2  
  146  8:29  Marauder  
  146  8:31  Marine  
  154  8:35  Siege Tank  
  154  8:37  Viking  
  158  8:43  Armory  
  158  8:52  Marine  
  158  8:53  Marine x2  
  161  8:57  Ghost  
  161  8:58  Viking, Command Center  
  165  9:03  Marauder  
  165  9:05  Marauder  
  165  9:07  Viking  
  165  9:08  Marine  
  143  9:24  Ghost  
  143  9:26  Marauder  
  143  9:28  Viking, Marine x2  
  143  9:30  SCV  
  143  9:31  SCV  
  150  9:32  Terran Infantry Weapons Level 2  
  150  9:37  Viking, SCV  
  149  9:44  Marine x2  
  152  9:45  Terran Ship Weapons Level 1  
  152  9:48  SCV  
  152  9:49  SCV  
  152  9:51  Barracks  
  154  9:53  Bunker, Barracks  
  154  9:54  Marine  
  154  9:55  Marine  
  156  10:00  Liberator  
  156  10:04  Marine, Sensor Tower  
  159  10:07  Medivac  
  159  10:11  Planetary Fortress, Missile Turret  
  159  10:16  Terran Infantry Armor Level 2, Marine  
  160  10:22  Marine  
  160  10:23  Marauder, Marine  
  160  10:26  Supply Depot  
  160  10:28  Refinery, Marine  
  166  10:30  Refinery  
  166  10:33  Siege Tank  
  166  10:34  Marine  
  173  10:40  Marine  
  172  10:42  Sensor Tower  
  172  10:43  Liberator  
  172  10:47  Marauder, Marine x3  
  172  10:49  Marauder x2, Marine  
  183  10:52  Marine  
  183  10:54  Medivac  
  186  11:00  Command Center, Marine  
  187  11:04  Marine  
  187  11:07  Barracks Tech Lab x2  
  187  11:09  Marine  
  187  11:10  Marauder  
  187  11:11  Marauder  
  193  11:24  Medivac, Siege Tank  
  200  11:41  Medivac  
  200  11:44  Marine  
  200  11:45  Marauder  
  200  11:52  Marine  
  197  11:54  Medivac  
  197  11:57  Marine  
  197  11:58  Marine  
  197  12:00  Marine  
  195  12:05  Marine  
  195  12:07  Marauder  
  178  12:21  Marine  
  119  13:21  Orbital Command  
  119  13:26  Supply Depot  
  119  13:27  Supply Depot, Command Center  
  119  13:28  Supply Depot  
  119  13:29  Supply Depot  
  119  13:31  Supply Depot  
  119  13:32  Supply Depot  
  98  14:13  Barracks Tech Lab  
  89  14:31  Refinery  
  80  14:44  Barracks Tech Lab  
Tags
 
Add a new tag
Caveats
  • Supply blocks, unpowered buildings, or Contaminate may cause inaccurate times.
  • Supply counts are checked every 10 seconds.